 Dungeon Crawl Stone Soup version 0.21.1-1-g345015fe64 (webtiles) character file.

64 NullDivider the Charlatan (level 3, 0/18 HPs)
             Began as a Spriggan Artificer on Apr 3, 2018.
             Slain by a centaur (7 damage)
             ... on level 3 of the Dungeon.
             The game lasted 00:07:45 (2454 turns).

NullDivider the Charlatan (Spriggan Artificer)      Turns: 2454, Time: 00:07:46

Health: 0/18       AC:  2    Str:  8    XL:     3   Next: 91%
Magic:  7/7        EV: 19    Int: 12    God:
Gold:   97         SH:  0    Dex: 17    Spells: 2/2 levels left

rFire    . . .     SeeInvis +   a - +0 short sword
rCold    . . .     Gourm    .   (shield restricted)
rNeg     . . .     Faith    .   b - +0 robe
rPois    .         Spirit   .   (helmet restricted)
rElec    .         Reflect  .   (no cloak)
rCorr    .         Harm     .   (gloves unavailable)
MR       .....                  (boots unavailable)
Stlth    ++........             (no amulet)
HPRegen  0.06/turn              k - ring of flight
MPRegen  0.10/turn              (no ring)

@: very quick
A: very small, unfitting armour, see invisible, herbivore, speed 3, slow
metabolism 2
a: Evoke Flight


You were on level 3 of the Dungeon.
You were not hungry.

You visited 1 branch of the dungeon, and saw 3 of its levels.

You collected 97 gold pieces.

Inventory:

Hand Weapons
 a - a +0 short sword (weapon)
Armour
 b - a +0 robe (worn)
Jewellery
 k - a ring of flight (left hand)
Wands
 c - a wand of flame (9)
 d - a wand of enslavement (15)
 e - a wand of random effects (15)
Scrolls
 j - 5 scrolls of identify {unknown}
 l - a scroll of enchant weapon {unknown}
 n - 2 scrolls of teleportation {unknown}
 q - 2 scrolls of fear {unknown}
 s - a scroll of blinking {unknown}
Potions
 g - a potion of might {unknown}
 h - 3 potions of heal wounds {unknown}
 i - a potion of lignification {unknown}
 m - a potion of degeneration {unknown}
 o - a potion of cancellation {unknown}
 p - 2 potions of invisibility {unknown}
 r - a potion of brilliance {unknown}
Comestibles
 f - 4 rations


   Skills:
 * Level 1.9 Fighting
 + Level 1.8 Short Blades
 + Level 3.7 Dodging
 + Level 3.0 Stealth
 + Level 4.4 Evocations


You had 2 spell levels left.
You didn't know any spells.

Dungeon Overview and Level Annotations

Branches:
Dungeon (3/15)

Altars:
Kikubaaqudgha
Okawaru
Zin
The Shining One


Innate Abilities, Weirdness & Mutations

You are very small and have problems with some larger weapons.
You are too small for most types of armour.
You have supernaturally acute eyesight. (SInv)
You are a herbivore.
You cover ground extremely quickly.
You need consume almost no food.


Message History

The centaur is moderately wounded.
The centaur barely misses you.
You barely miss the centaur.
The centaur is moderately wounded.
The centaur misses you. The centaur hits you!
Evoke which item? (* to show all) (? for menu, Esc to quit)
Aiming: Throw Flame
Press: ? - help, Shift-Dir - straight line, f - centaur
Aim: a centaur (moderately wounded)
The puff of flame hits the centaur.
The centaur is heavily wounded.
The centaur barely misses you.
Evoke which item? (* to show all) (? for menu, Esc to quit)
Aiming: Throw Flame
Press: ? - help, Shift-Dir - straight line, f/p - centaur
Aim: a centaur (heavily wounded)
The puff of flame hits the centaur.
The centaur is severely wounded.
The centaur hits you!
You die...

.# #.# ### . .. ...
.### ##.##.#
....###..... #.#
#..%....#####
#.####...c....... ..
.........@.#
..##.######.### #.
...........### #.
#.####...#...# ###
#####.
#.###..#####.#....#
......##..............#
..........##.######.###
...###.##..#.# #.#
#.###.###...# #..


You could see a centaur.

Vanquished Creatures
  2 adders (D:2)
  A dart slug (D:1)
  A leopard gecko (D:1)
  An orc (D:3)
  2 giant cockroaches
  3 goblins
  3 hobgoblins (D:1)
  2 jackals (D:1)
  A quokka (D:2)
  A ball python (D:1)
  10 bats
  2 frilled lizards
  6 kobolds
  5 rats
40 creatures vanquished.

Notes
Turn   | Place    | Note
-------+----------+-------------------------------------------
     0 | D:1      | NullDivider the Spriggan Artificer began the quest for the Orb.
     0 | D:1      | Reached XP level 1. HP: 9/9 MP: 4/4
   185 | D:1      | Reached skill level 1 in Fighting
   347 | D:1      | Reached XP level 2. HP: 7/14 MP: 6/6
  1382 | D:2      | Reached XP level 3. HP: 18/18 MP: 7/7
  1761 | D:2      | Found a glowing golden altar of the Shining One.
  1815 | D:2      | Found an ancient bone altar of Kikubaaqudgha.
  1819 | D:2      | Found an iron altar of Okawaru.
  1821 | D:2      | Found a glowing silver altar of Zin.
  2120 | D:2      | Found a glowing golden altar of the Shining One.
  2437 | D:3      | Noticed a centaur
  2454 | D:3      | Slain by a centaur

Skill      XL: |  1  2  3 |
---------------+----------+-----
Fighting       | 1 |  1.9
Stealth        | 2 3 |  3.0
Short Blades   | |  1.8
Dodging        | |  3.7
Evocations     | |  4.4

Action                   || total
-------------------------++-------
Melee: Short sword       ||   191
Evoke: Wand              ||     6
 Stab: Sleeping          ||     5
Armor: Robe              ||    29
Dodge: Dodged            ||   198
